 Dungeon Crawl Stone Soup version 0.19-a0-559-ga3d69d0 (webtiles) character file.

56 mistymad the Sneak (level 3, -1/26 HPs)
             Began as a Vampire Enchanter on June 8, 2016.
             Slain by an adder (3 damage)
             ... on level 2 of the Dungeon.
             The game lasted 00:03:12 (1720 turns).

mistymad the Sneak (Vampire Enchanter)              Turns: 1720, Time: 00:03:13

Health: -1/26      AC:  3    Str:  7    XL:     3   Next: 69%
Magic:  1/6        EV: 13    Int: 17    God:
Gold:   55         SH:  0    Dex: 15    Spells: 3 memorised, 0 levels left

rFire  . . .     SeeInvis +     a - +1 dagger
rCold  + . .     Gourm    .     b - +1 robe
rNeg   + + .     Faith    .     (no shield)
rPois  +         Spirit   .     (no helmet)
rElec  .         Dismiss  .     (no cloak)
rCorr  .         Reflect  .     (no gloves)
SustAt .         Harm     .     (no boots)
MR     .....                    (no amulet)
Stlth  +++.......               (no ring)
                                (no ring)

@: lethally poisoned (-1 -> -5), regenerating slowly, hasted, very quick, not
resistant to hostile enchantments, fairly stealthy
A: fangs 3, see invisible, unbreathing
a: Bat Form


You were on level 2 of the Dungeon.
You were very thirsty.

You visited 1 branch of the dungeon, and saw 2 of its levels.

You collected 55 gold pieces.

Inventory:

Hand Weapons
 a - a +1 dagger (weapon)
Armour
 b - a +1 robe (worn)
Scrolls
 e - 5 scrolls of identify {unknown}
 f - a scroll of enchant armour {unknown}
 j - a scroll of enchant weapon {unknown}
Potions
 d - 8 potions of blood
 h - a potion of lignification {unknown}
 i - a potion of might {unknown}
Books
 c - a book of Maledictions

   Spells                             Type                      Level
   a - Corona                         Hexes                        1
   b - Ensorcelled Hibernation        Hexes/Ice                    2
   c - Confuse                        Hexes                        3
   d - Tukima's Dance                 Hexes                        3
   e - Dazzling Spray                 Conjuration/Hexes            3


   Skills:
 + Level 1.0 Fighting
 + Level 1.5 Short Blades
 + Level 2.8 Dodging
 + Level 5.3 Stealth
 + Level 2.2 Spellcasting
 + Level 4.6 Hexes


You couldn't memorise any spells.
You knew the following spells:

 Your Spells              Type           Power        Failure   Level  Hunger
a - Corona                Hex            ###....      2%          1    #......
b - Ensorcelled Hibernat  Hex/Ice        #.....       14%         2    ###....
c - Confuse               Hex            ###.....     10%         3    ###....


Dungeon Overview and Level Annotations

Branches:
Dungeon (2/15)

Altars:


Innate Abilities, Weirdness & Mutations

You heal slowly.
You have razor-sharp teeth.
You have supernaturally acute eyesight. (SInv)
You can survive without breathing.


Message History

Press: ? - help, Shift-Dir - straight line, f/p - adder
Aim: an adder (chance to defeat MR: 50%)
The adder resists with some effort.
The adder bites you.
* * * LOW HITPOINT WARNING * * *
You take 1 damage, and have 5/26 hp.
You now have 0/6 mp.
Casting: Ensorcelled Hibernation
Confirm with . or Enter, or press ? or * to list all spells.
You don't know that spell.
Unknown command.
The adder closely misses you. The adder bites you.
* * * LOW HITPOINT WARNING * * *
You are lethally poisoned!
The adder poisons you!
You take 3 damage, and have 3/26 hp.
* * * LOW HITPOINT WARNING * * *
You feel sick.
You take 1 damage, and have 2/26 hp.
It was a potion of haste.
You feel yourself speed up. The adder bites you.
You die...

#.###.........#
#......######.#
#..##### #.#
#..###### #.#
#.......#####.##
####.####....)....
#.K..# #######.##
#S#############.##
#@# #.........##
#.# #.##########
#.# #.# # #.# #.#
# #.# #.# # #.#
#.########## #.#
#........... #.#
############ #.# #


You could see an adder and a kobold.

Vanquished Creatures
  An adder (D:2)
  An ooze (D:1)
  3 dart slugs (D:1)
  4 giant geckos
  3 giant cockroaches
  A goblin (D:1)
  5 hobgoblins
  3 jackals (D:2)
  2 quokkas (D:2)
  2 bats (D:1)
  A giant newt (D:1)
  2 kobolds (D:1)
  2 rats
30 creatures vanquished.

Notes
Turn   | Place    | Note
--------------------------------------------------------------
     0 | D:1      | mistymad the Vampire Enchanter began the quest for the Orb.
     0 | D:1      | Reached XP level 1. HP: 13/13 MP: 3/3
   195 | D:1      | Reached XP level 2. HP: 18/20 MP: 5/5
   200 | D:1      | Learned a level 2 spell: Ensorcelled Hibernation
   703 | D:1      | Reached skill level 5 in Stealth
   840 | D:1      | Reached skill level 1 in Fighting
   967 | D:1      | Reached XP level 3. HP: 21/26 MP: 6/6
   972 | D:1      | Learned a level 3 spell: Confuse
  1720 | D:2      | Slain by an adder

Vault maps used:
D:1:      roderic_crop_circles_arrival_small
D:2:      first_bread, hangedman_decor_lopped

Skill      XL: |  1  2 |
---------------+-------+-----
Stealth        | 5 |  5.3
Fighting       | 1 |  1.0
Short Blades   | |  1.5
Dodging        | |  2.8
Spellcasting   | |  2.2
Hexes          | |  4.6

Action                   || total
-------------------------++-------
Melee: Dagger            ||   199
       Bite              ||    21
 Cast: Ensorcelled Hiber ||     7
       Corona            ||     1
  Use: Potion            ||     1
 Stab: Sleeping          ||    15
Armor: Robe              ||    14
Dodge: Dodged            ||    78
